 Dungeon Crawl Stone Soup version 0.26.0-45-g9c1d065592 (webtiles) character file.

Game seed: 9564462101636342024

1376 H0rd4k the Thaumaturge (level 8, -1/41 HPs)
             Began as a Deep Elf Hedge Wizard on Jan 27, 2021.
             Was an Initiate of Gozag.
             Slain by a yak (8 damage)
             ... on level 6 of the Dungeon on Jan 28, 2021.
             The game lasted 00:13:57 (8092 turns).

H0rd4k the Thaumaturge (Deep Elf Hedge Wizard)      Turns: 8092, Time: 00:13:58

Health: -1/41      AC:  5    Str:  7    XL:     8   Next: 39%
Magic:  0/24       EV: 13    Int: 22    God:    Gozag
Gold:   472        SH:  0    Dex: 14    Spells: 18/27 levels left

rFire    + . .     SeeInvis +   a - +0 dagger
rCold    . . .     Faith    .   (no shield)
rNeg     + . .     Spirit   +   l - +1 robe {rN+}
rPois    .         Reflect  .   s - +1 helmet
rElec    .         Harm     .   (no cloak)
rCorr    .         Rampage  .   (no gloves)
Will     .....                  (no boots)
Stlth    ++........             o - amulet of guardian spirit
HPRegen  0.13/turn              g - ring of see invisible
MPRegen  0.19/turn              w - ring of protection from fire (curse)

@: no status effects
A: no striking features
a: Renounce Religion, Potion Petition, Call Merchant, Bribe Branch


You were on level 6 of the Dungeon.
You worshipped Gozag.
Gozag was aware of your devotion.
You visited 2 branches of the dungeon, and saw 7 of its levels.

You collected 557 gold pieces.
You paid 85 gold pieces to Gozag.

Inventory:

Hand Weapons
 a - a +0 dagger (weapon)
Armour
 b - a +0 robe
 c - a +0 hat
 l - a +1 robe of positive energy (worn)
 s - a +1 helmet (worn)
 x - a +1 leather armour of willpower
Jewellery
 g - a ring of see invisible (left hand)
 o - an amulet of guardian spirit (around neck)
 w - a cursed ring of protection from fire (right hand)
Wands
 r - a wand of digging (8)
 D - a wand of flame (10)
Scrolls
 e - 2 scrolls of remove curse
 f - 3 scrolls of teleportation
 h - 3 scrolls of identify
 k - 2 scrolls of noise {unknown}
 n - 2 scrolls of amnesia {unknown}
 u - a scroll of fog {unknown}
 y - a scroll of enchant weapon {unknown}
 A - a scroll of blinking {unknown}
 B - a scroll of vulnerability {unknown}
 E - a scroll of random uselessness {unknown}
Potions
 d - a potion of lignification
 i - 2 potions of invisibility
 j - a potion of berserk rage {unknown}
 m - 2 potions of curing
 p - 2 potions of haste {unknown}
 q - a potion of flight {unknown}
 t - a potion of brilliance {unknown}
 v - a potion of might {unknown}
 z - a potion of resistance {unknown}
 C - a potion of magic {unknown}


   Skills:
 + Level 3.3 Dodging
 + Level 3.2 Stealth
 + Level 10.1 Spellcasting
 + Level 6.3 Conjurations
 + Level 1.1 Summonings
 + Level 1.7 Translocations
 + Level 1.8 Fire Magic
 + Level 2.1 Air Magic
 + Level 2.1 Poison Magic
 + Level 0.4 Evocations


You had 18 spell levels left.
You knew the following spells:

 Your Spells              Type           Power        Failure   Level
a - Magic Dart            Conj           100%         1%          1
b - Blink                 Tloc           N/A          4%          2
c - Conjure Flame         Conj/Fire      29%          3%          3
d - Mephitic Cloud        Conj/Pois/Air  26%          4%          3

Your spell library contained the following spells:

 Spells                   Type           Power        Failure   Level
 Call Imp                 Summ           15%          6%          2
 Slow                     Hex            11%          9%          2


Dungeon Overview and Level Annotations

Branches:
Dungeon (6/15)             Temple (1/1) D:4

Altars:
Cheibriados
Dithmenos
Elyvilon
Fedhas
Gozag
Hepliaklqana
Kikubaaqudgha
Ru
Uskayaw
Vehumet
Wu Jian
Xom
Yredelemnul
The Shining One

Annotations:
D:2 exclusion: downstairs
D:3 exclusion: orc priest
D:4 exclusion: upstairs


Message History

Casting: Magic Dart (safe; 1% risk of failure)
Confirm with . or Enter, or press ? or * to list all spells.
Aiming: Magic Dart (safe; 1% risk of failure)
Press: ? - help, Shift-Dir - straight line, f/p - yak
Aim: a yak (severely wounded, confused, 0% to evade)
The magic dart hits the yak but does no damage.
The yak is severely wounded.
The yak gores you.
Casting: Magic Dart (safe; 1% risk of failure)
Confirm with . or Enter, or press ? or * to list all spells.
Aiming: Magic Dart (safe; 1% risk of failure)
Press: ? - help, Shift-Dir - straight line, f/p - yak
Aim: a yak (severely wounded, confused, 0% to evade)
The magic dart hits the yak.
The yak is severely wounded.
The yak gores you!
* * * LOW HITPOINT WARNING * * *
The yak gores you!
You die...
Your body crumbles into a pile of gold.

....##....####.. ..
#..........^.#.####.#.#
.....................>#
.......#<....#.#.#
#####.####...#.#.# $ ##
#.....+...#.#.##
.###.#.###...#.#..#
.....#.........#ยง##
#....#..###.##.Y@Y#
#....#..# #.##.#..#
#....#..# #.##.#..#
.###.##.###.##.#..# .
..##......#.####
##.....#.##..#.#
......'.....#.#
......#.#...#.
......#.....# $


You could see 2 yaks.

Vanquished Creatures
  A yak (D:6)
  A phantom (D:4)
  4 orc warriors (D:6)
  An ogre (D:5)
  Blork the orc (D:6)
  A wyvern zombie (D:4)
  A scorpion (D:6)
  A wight (D:6)
  A howler monkey (D:5)
  2 orc priests
  2 hounds
  A centaur skeleton (D:4)
  Jessica (D:3)
  2 iguanas
  An orc wizard (D:4)
  10 adders
  2 white imps
  An ufetubus (D:5)
  An adder zombie (D:5)
  2 worms (D:3)
  4 dart slugs
  2 leopard geckos
  13 orcs
  7 giant cockroaches
  4 goblins
  12 hobgoblins
  7 jackals
  11 kobolds
  3 quokkas
  2 ball pythons
  6 bats
  5 frilled lizards
  A jackal skeleton (D:4)
  A jackal zombie (D:5)
  2 leopard gecko skeletons
  2 quokka skeletons
  2 rats
121 creatures vanquished.

Vanquished Creatures (others)
  A plant (D:1)
1 creature vanquished.

Grand Total: 122 creatures vanquished

Notes
Turn   | Place    | Note
-------+----------+-------------------------------------------
     0 | D:1      | H0rd4k the Deep Elf Hedge Wizard began the quest for the
                  | Orb.
     0 | D:1      | Reached XP level 1. HP: 10/10 MP: 7/7
   325 | D:2      | Reached skill level 5 in Spellcasting
   325 | D:2      | Reached XP level 2. HP: 8/15 MP: 1/10
  1351 | D:1      | Reached XP level 3. HP: 13/19 MP: 2/12
  2365 | D:1      | Learned a level 2 spell: Blink
  2369 | D:1      | Learned a level 3 spell: Conjure Flame
  2373 | D:1      | Learned a level 3 spell: Mephitic Cloud
  3185 | D:3      | Reached XP level 4. HP: 24/24 MP: 6/13
  3342 | D:3      | Found a hazy altar of Hepliaklqana.
  3494 | D:3      | Reached skill level 1 in Fire Magic
  3494 | D:3      | Reached skill level 1 in Poison Magic
  3631 | D:3      | Found a snail-covered altar of Cheibriados.
  3686 | D:3      | Reached skill level 6 in Spellcasting
  4037 | D:3      | Reached skill level 1 in Air Magic
  4037 | D:3      | Reached XP level 5. HP: 28/28 MP: 1/15
  4616 | D:3      | Noticed Jessica
  4625 | D:3      | Killed Jessica
  4995 | D:4      | Reached XP level 6. HP: 26/32 MP: 13/17
  5191 | D:4      | Found a staircase to the Ecumenical Temple.
  5227 | D:4      | HP: 1/48 [orc priest/divine providence (8)]
  5235 | D:4      | Reached skill level 7 in Spellcasting
  5970 | Temple   | Entered the Ecumenical Temple
  6135 | Temple   | Became a worshipper of Gozag Ym Sagoz the Greedy
  6291 | D:5      | Entered Level 5 of the Dungeon
  6371 | D:5      | Reached XP level 7. HP: 36/36 MP: 14/20
  6441 | D:5      | Reached skill level 8 in Spellcasting
  6904 | D:5      | Found a basalt altar of Yredelemnul.
  7246 | D:6      | Noticed Blork the orc
  7257 | D:6      | Killed Blork the orc
  7258 | D:6      | Reached skill level 5 in Conjurations
  7398 | D:6      | Reached skill level 9 in Spellcasting
  7442 | D:6      | Reached XP level 8. HP: 39/41 MP: 1/23
  8056 | D:6      | Reached skill level 10 in Spellcasting
  8092 | D:6      | Slain by a yak

Illustrated notes

Levels and vault maps discovered:
D:1:      nzn_arrival_settlement, layout_basic, serial_bayou_pond_d,
          dk_noncrumbling_2
D:2:      layout_basic
D:3:      kennysheep_six_static_rooms, layout_basic, kennysheep_slug_shrine,
          marbit_many_paths, uniq_jessica
D:4:      layout_rooms, temple_hall
D:5:      layout_rooms, lemuel_doored_altar, serial_curves, eino_curves_02,
          eino_curves_03
D:6:      layout_basic, serial_shops, shop, sword_in_stone
Temple:   minmay_temple_curvy_loop

Skill      XL: |  1  2  3  4  5  6  7  8 |
---------------+-------------------------+-----
Spellcasting   | 5 6 7 9 10 | 10.1
Conjurations   | 2 3 4 5 6 |  6.3
Stealth        | 3 |  3.2
Fire Magic     | 1 |  1.8
Poison Magic   | 1 2 |  2.1
Air Magic      | 1 2 |  2.1
Dodging        | 3 |  3.3
Summonings     | |  1.1
Translocations | |  1.7
Evocations     | |  0.4

Action                   |  1- 3 |  4- 6 |  7- 9 || total
-------------------------+-------+-------+-------++-------
Melee: Dagger            |     5 |    12 |       ||    17
 Cast: Magic Dart        |   154 |   200 |    87 ||   441
       Conjure Flame     |       |     6 |    12 ||    18
       Mephitic Cloud    |       |     3 |    10 ||    13
       Blink             |       |     3 |       ||     3
Evoke: Wand              |       |       |     6 ||     6
  Use: Potion            |       |     5 |       ||     5
       Scroll            |       |     3 |       ||     3
 Stab: Invisible         |       |     1 |       ||     1
Armor: Robe              |    10 |    17 |     2 ||    29
       Skin              |       |    39 |       ||    39
Dodge: Dodged            |    53 |    42 |    11 ||   106
